 Dungeon Crawl Stone Soup version 0.25.1-9-gc5326a611f (webtiles) character file.

Game seed: 13575760694691915116

1100 funkygono the Shield-Bearer (level 8, -4/48 HPs)
             Began as a Gargoyle Fighter on Dec 28, 2020.
             Slain by an ogre
             ... wielding a +0 giant club
              (20 damage)
             ... on level 5 of the Dungeon.
             The game lasted 00:10:01 (3805 turns).

funkygono the Shield-Bearer (Gargoyle Fighter)      Turns: 3805, Time: 00:10:02

Health: -4/48      AC: 18    Str: 22    XL:     8   Next: 32%
Magic:  8/8        EV:  7    Int:  9    God:
Gold:   246        SH: 11    Dex:  9    Spells: 7/7 levels left

rFire    . . .     SeeInvis .   l - +1 whip
rCold    . . .     Gourm    .   c - +1 kite shield
rNeg     + . .     Faith    .   s - +0 chain mail
rPois    ∞         Spirit   .   v - +2 helmet
rElec    +         Reflect  .   (no cloak)
rCorr    +         Harm     .   (no gloves)
MR       +....                  (no boots)
Stlth    ..........             (no amulet)
HPRegen  0.16/turn              m - ring of resist corrosion
MPRegen  0.11/turn              i - ring of protection from magic

@: very slow
A: negative energy resistance 1, electricity resistance, unbreathing,
petrification resistance, rot immunity, AC +5
a: no special abilities


You were on level 5 of the Dungeon.
You were hungry.

You visited 1 branch of the dungeon, and saw 5 of its levels.
You also visited: Sewer.

You collected 246 gold pieces.

Inventory:

Hand Weapons
 a - a +0 flail
 l - a +1 whip (weapon)
Missiles
 d - 40 bolts
 e - 78 stones
 g - 26 sling bullets
 j - 30 poisoned darts (quivered)
 r - 9 arrows
Armour
 c - a +1 kite shield (worn)
 s - a +0 chain mail (worn)
 v - a +2 helmet (worn)
Jewellery
 i - a ring of protection from magic (right hand)
 m - a ring of resist corrosion (left hand)
 n - an uncursed ring of protection from cold
Scrolls
 k - 2 scrolls of teleportation
 o - a scroll of identify
 p - 4 scrolls of remove curse
Potions
 b - 2 potions of heal wounds
 h - a potion of haste
 q - 2 potions of lignification
 t - 2 potions of might
 u - 3 potions of curing
 w - a potion of stabbing
 z - 2 potions of flight {unknown}
Comestibles
 f - 7 rations


   Skills:
 + Level 4.6 Fighting
 + Level 5.8 Maces & Flails
 + Level 2.2 Throwing
 + Level 4.8 Armour
 + Level 2.1 Dodging
 + Level 6.2 Shields


You had 7 spell levels left.
You didn't know any spells.
Your spell library was empty.

Dungeon Overview and Level Annotations

Branches:
Dungeon (5/15)              Sewer (visited)
 Temple: D:4-7

Altars:
Ashenzari
Cheibriados
Elyvilon
Sif Muna
Vehumet
Xom


Innate Abilities, Weirdness & Mutations

You are resistant to torment.
Your stone body is resilient. (AC +5)
You are immune to poison.
You resist negative energy. (rN+)
You are resistant to electric shocks. (rElec)
You can survive without breathing.
You are immune to petrification.
You are immune to rotting.


Message History

The adder bites you but does no damage.
You whack the adder!
You kill the adder!
Your unstable footing causes you to fumble your attack.
The ogre hits you with a +0 giant club!
You hit the ogre.
The ogre is lightly wounded.
Your unstable footing causes you to fumble your attack.
The ogre hits you with a +0 giant club!
You hit the ogre but do no damage.
The ogre is lightly wounded.
The ogre closely misses you.
You hit the ogre.
The ogre is lightly wounded.
Your chain mail prevents you from hitting the ogre.
The ogre is lightly wounded.
The ogre hits you with a +0 giant club!
Your unstable footing causes you to fumble your attack.
The ogre hits you with a +0 giant club!!
You die...

#..# #.#.# ## ##.# #.#.#
##.. ##..# #.#.##...#
###...####.......#
##.#####................#
..........###..........##
.....#..### ##.≈#...###..
... #(#......#O#.#...#.#
. ... .######@....#...#
.... ## #≈#...# #.#
...(#. #≈#...## .###
.##### #≈##...##...##
#≈#.....<....##
#.#...........#
#≈#...........#
###...........#
#...........#


You could see an ogre.

Vanquished Creatures
  Grinder (D:4)
  Sigmund (D:2)
  A phantom (D:4)
  A big kobold (Sewer)
  A scorpion (D:5)
  A centaur skeleton (D:4)
  2 hounds
  2 orc wizards (D:4)
  Jessica (D:2)
  Ijyb (D:5)
  Natasha (thrice) (D:3)
  2 worker ants (D:4)
  Robin (D:3)
  11 adders
  2 river rats (Sewer)
  2 adder skeletons (D:4)
  A worm (D:3)
  2 dart slugs
  2 leopard geckos
  6 orcs (D:4)
  4 giant cockroaches
  14 goblins
  12 hobgoblins
  11 jackals
  14 kobolds
  A quokka (D:2)
  A ball python (D:4)
  6 bats
  4 frilled lizards
  5 rats
116 creatures vanquished.

Notes
Turn   | Place    | Note
-------+----------+-------------------------------------------
     0 | D:1      | funkygono the Gargoyle Fighter began the quest for the Orb.
     0 | D:1      | Reached XP level 1. HP: 14/14 MP: 1/1
    95 | D:1      | Reached XP level 2. HP: 15/19 MP: 2/2
   509 | D:1      | Reached XP level 3. HP: 24/24 MP: 3/3
  1057 | D:2      | Noticed Jessica
  1082 | D:2      | Killed Jessica
  1082 | D:2      | Reached XP level 4. HP: 29/29 MP: 4/4
  1322 | D:2      | Noticed Sigmund
  1349 | D:2      | Killed Sigmund
  1349 | D:2      | Reached skill level 1 in Dodging
  1349 | D:2      | Reached skill level 4 in Shields
  1349 | D:2      | Reached XP level 5. HP: 33/33 MP: 5/5
  1349 | D:2      | Reached XP level 6. HP: 38/38 MP: 6/6
  1471 | D:3      | Found a shattered altar of Ashenzari.
  1521 | D:3      | Noticed Natasha
  1550 | D:3      | Killed Natasha
  1672 | D:3      | Noticed Natasha
  1702 | D:3      | Killed Natasha
  1775 | D:3      | Reached skill level 5 in Shields
  1920 | D:3      | Noticed Robin
  1938 | D:3      | Killed Robin
  1949 | D:3      | Noticed Natasha
  2006 | D:3      | Killed Natasha
  2315 | D:4      | Reached XP level 7. HP: 44/44 MP: 7/7
  2761 | D:4      | Found a shimmering altar of Xom.
  2761 | D:4      | Found a radiant altar of Vehumet.
  2801 | D:4      | Noticed Grinder
  2830 | D:4      | Killed Grinder
  2830 | D:4      | Reached skill level 5 in Maces & Flails
  2830 | D:4      | Reached skill level 1 in Throwing
  3150 | D:4      | Reached skill level 6 in Shields
  3150 | D:4      | Reached XP level 8. HP: 41/48 MP: 8/8
  3242 | D:4      | Found a snail-covered altar of Cheibriados.
  3321 | D:4      | Found a white marble altar of Elyvilon.
  3363 | D:4      | Found a shimmering blue altar of Sif Muna.
  3365 | D:4      | Found a faded altar of an unknown god.
  3366 | D:4      | Found a faded altar of an unknown god.
  3415 | D:5      | Entered Level 5 of the Dungeon
  3472 | D:5      | Found a glowing drain.
  3483 | Sewer    | Entered a sewer
  3662 | Sewer    | Found a white marble altar of Elyvilon.
  3726 | D:5      | Noticed Ijyb
  3785 | D:5      | Killed Ijyb
  3805 | D:5      | Slain by an ogre

Illustrated notes

Levels and vault maps discovered:
D:1:      mrwooster_arrival_statue_2, layout_basic, minivault_23,
          minmay_misc_feat_square
D:2:      layout_loops_cross, uniq_jessica, uniq_sigmund
D:3:      layout_basic, ashenzari_conservatory_becter, first_ration,
          minmay_misc_feat_tower, uniq_robin, uniq_natasha
D:4:      layout_cave_pools, lemuel_coloured_pillars_altar,
          chequers_temple_overflow_minitemple, kennysheep_little_box,
          hangedman_decor_clover_reticule, uniq_grinder
D:5:      layout_rooms, basic_altar, portal_sewer_entry_d, xom_teletrap_fun,
          uniq_ijyb

Skill      XL: |  1  2  3  4  5  6  7  8 |
---------------+-------------------------+-----
Fighting       | 4 |  4.6
Maces & Flails | 3 4 5 |  5.8
Dodging        | 1 2 |  2.1
Shields        | 4 5 6 |  6.2
Armour         | 4 |  4.8
Throwing       | 1 2 |  2.2

Action                   |  1- 3 |  4- 6 |  7- 9 || total
-------------------------+-------+-------+-------++-------
Melee: Flail             |    66 |       |       ||    66
       Whip              |    42 |   242 |   320 ||   604
Throw: Dart              |    19 |    50 |    67 ||   136
       Stone             |     1 |       |       ||     1
  Use: Scroll            |     3 |     6 |     2 ||    11
       Potion            |       |     2 |       ||     2
  Eat: Chunk             |     1 |     4 |     5 ||    10
Armor: Scale mail        |    63 |    70 |       ||   133
       Skin              |       |     4 |       ||     4
       Chain mail        |       |     2 |   133 ||   135
Dodge: Dodged            |    35 |    50 |    44 ||   129
Block: Kite shield       |    64 |    96 |   139 ||   299
